 Dungeon Crawl Stone Soup version 0.30-b1-2-g02819fbbbe (webtiles) character file.

Game seed: 2743697547476024068

635 nightchill the Chopper (level 7, -6/56 HPs)
             Began as a Demonspawn Fighter on Sept 16, 2023.
             Was a Follower of Qazlal.
             Mangled by Pikel
             ... wielding a +0 whip of flaming
              (11 damage)
             ... on level 5 of the Dungeon.
             The game lasted 00:08:39 (4162 turns).

nightchill the Chopper (Demonspawn Fighter)         Turns: 4162, Time: 00:08:40

Health: -6/56      AC:  7    Str: 17 (18) XL:     7   Next: 25%
Magic:  9/9        EV:  9    Int: 16      God:    Qazlal [*.....]
Gold:   177        SH:  6    Dex: 12      Spells: 6/6 levels left

rFire   . . .        a - +0 war axe
rCold   . . .        c - +0 buckler
rNeg    . . .        b - +0 scale mail
rPois   .            (no helmet)
rElec   .            t - +0 cloak
rCorr   .            (no gloves)
SInv    .            (no boots)
Will    .....        (no amulet) Stlth
                     q - +6 ring of intelligence
HPRegen 0.29/turn    (no ring)
MPRegen 0.11/turn

%: no passive effects
@: no status effects
A: powered by pain 1, weakness stinger 2
a: Renounce Religion


You were on level 5 of the Dungeon.
You worshipped Qazlal.
Qazlal was aware of your devotion.
You visited 2 branches of the dungeon, and saw 6 of its levels.

You collected 177 gold pieces.

Inventory:

Hand Weapons
 a - a +0 war axe (weapon)
Missiles
 v - 2 silver javelins (quivered)
Armour
 b - a +0 scale mail (worn)
 c - a +0 buckler (worn)
 t - a +0 cloak (worn)
Jewellery
 q - a +6 ring of intelligence (left hand)
Scrolls
 g - 2 scrolls of noise
 h - a scroll of vulnerability {unknown}
 j - 5 scrolls of teleportation {unknown}
 l - a scroll of poison {unknown}
 m - a scroll of fear {unknown}
 n - 3 scrolls of fog
 p - a scroll of magic mapping {unknown}
 r - a scroll of immolation {unknown}
 s - a scroll of silence {unknown}
 u - a scroll of enchant weapon {unknown}
 w - a scroll of identify
Potions
 d - a potion of attraction {unknown}
 e - a potion of lignification
 f - a potion of invisibility {unknown}
 i - a potion of resistance
 k - 3 potions of curing
 o - a potion of degeneration


   Skills:
 + Level 5.1 Fighting
 * Level 5.7 Axes
 - Level 2.6 Armour
 - Level 2.6 Shields
 + Level 3.5 Invocations


You had 6 spell levels left.
You didn't know any spells.
Your spell library contained the following spells:

 Spells                   Type           Power      Damage    Failure   Level
 Magic Dart               Conj           0%         1d3       73%         1
 Sting                    Tmut/Pois      0%         1d3       73%         1
 Call Imp                 Summ           0%         N/A       86%         2
 Poisonous Vapours        Pois/Air       0%         N/A       86%         2
 Searing Ray              Conj           0%         2d4       86%         2
 Mephitic Cloud           Conj/Pois/Air  0%         N/A       97%         3
 Fulminant Prism          Conj/Hex       0%         3d5       100%        4
 Leda's Liquefaction      Hex/Erth       0%         N/A       100%        4
 Olgreb's Toxic Radiance  Pois           0%         N/A       100%        4
 Lee's Rapid Deconstruct  Erth           0%         3d4*      100%        5
 Statue Form              Tmut/Erth      0%         N/A       100%        6


Dungeon Overview and Level Annotations

Branches:
Dungeon (5/15)             Temple (1/1) D:4

Altars:
Dithmenos
Fedhas
Nemelex Xobeh
Qazlal
Ru
Trog
Vehumet
Wu Jian
Xom
Yredelemnul

Annotations:
D:4 exclusion: downstairs
D:5 exclusion: door, Pikel


Innate Abilities, Weirdness & Mutations

You sometimes gain a little power by taking damage.
You have a tail ending in a sharp stinger.


Message History

You barely miss Pikel.
Pikel is moderately wounded.
You hit the lemure.
Pikel hits you with a +0 whip of flaming!
* * * LOW HITPOINT WARNING * * *
Pikel burns you.
* * * LOW HITPOINT WARNING * * *
The lemure hits you but does no damage.
You slash Pikel!
Pikel is heavily wounded.
You closely miss the lemure. You block Pikel's attack.
The lemure barely misses you.
Pikel hits you with a +0 whip of flaming.
* * * LOW HITPOINT WARNING * * *
Pikel burns you.
* * * LOW HITPOINT WARNING * * *
The lemure hits you but does no damage.
You closely miss Pikel.
Pikel is heavily wounded.
You closely miss the lemure. The lemure barely misses you.
Pikel hits you with a +0 whip of flaming.
* * * LOW HITPOINT WARNING * * *
Pikel burns you.
* * * LOW HITPOINT WARNING * * *
You barely miss Pikel. You tail-slap Pikel, but do no damage.
Pikel is heavily wounded.
You closely miss the lemure. You block the lemure's attack.
Pikel hits you with a +0 whip of flaming!
* * * LOW HITPOINT WARNING * * *
Pikel burns you.
* * * LOW HITPOINT WARNING * * *
You closely miss Pikel.
Pikel is heavily wounded.
You barely miss the lemure. You block Pikel's attack.
You block the lemure's attack.
You slash Pikel!
Pikel is almost dead.
You barely miss the lemure.
Pikel hits you with a +0 whip of flaming!
You die...

.....##........#...##.
#....#........>.#...#
#...........####.#
#.........## #..
##........## ###
#.........!#
#>...##.)#..#
####.#.####.##.####
##5@..### #.# .....
#.K#### #.# #### #..##
#.# ....# #5## #...##
#..# #.. ##o# .. #.# #
#.## #>.#


You could see Pikel and a lemure.

Vanquished Creatures
  An ice beast (D:4)
  3 lemures
  A phantom (Temple)
  A scorpion (D:4)
  A hound (D:4)
  An orc priest (D:4)
  2 iguanas (D:4)
  3 orc wizards
  Natasha (thrice) (D:3)
  Ijyb (D:3)
  2 adders
  3 dart slugs
  21 orcs
  4 bats
  7 endoplasms
  4 giant cockroaches
  10 goblins
  6 hobgoblins
  6 kobolds
  3 quokkas
  8 ball pythons
  3 frilled lizards
  4 rats
98 creatures vanquished.

Notes
Turn   | Place    | Note
-------+----------+-------------------------------------------
     0 | D:1      | nightchill the Demonspawn Fighter began the quest for the
                  | Orb.
     0 | D:1      | Reached XP level 1. HP: 18/18 MP: 1/1
   180 | D:1      | Gained mutation: You have a small tail. [demonic ancestry]
   180 | D:1      | Reached XP level 2. HP: 10/24 MP: 2/2
   747 | D:1      | Gained mutation: You have a tail ending in a sharp stinger.
                  | [demonic ancestry]
   747 | D:1      | Reached XP level 3. HP: 29/29 MP: 3/3
  1524 | D:3      | Noticed Natasha
  1535 | D:3      | Killed Natasha
  1536 | D:3      | Reached XP level 4. HP: 18/37 MP: 4/4
  1620 | D:3      | Found a radiant altar of Vehumet.
  1691 | D:3      | Found an ornate altar of the Wu Jian Council.
  1710 | D:3      | Noticed Ijyb
  1717 | D:3      | Killed Ijyb
  1724 | D:3      | Noticed Natasha
  1733 | D:3      | Killed Natasha
  1734 | D:3      | Reached XP level 5. HP: 19/42 MP: 5/5
  1829 | D:3      | Noticed Natasha
  1840 | D:3      | Killed Natasha
  2394 | D:4      | Found a staircase to the Ecumenical Temple.
  2431 | Temple   | Entered the Ecumenical Temple
  2484 | Temple   | Became a worshipper of Qazlal Stormbringer
  2524 | D:4      | Noticed a phantom
  2676 | Temple   | Killed a phantom
  2677 | Temple   | Reached skill level 1 in Invocations
  2677 | Temple   | Gained mutation: You sometimes gain a little power by
                  | taking damage. [demonic ancestry]
  2677 | Temple   | Reached XP level 6. HP: 13/49 MP: 5/7
  2876 | D:4      | HP: 1/49 [orc priest/divine providence (15)]
  3162 | D:4      | Reached skill level 5 in Axes
  3578 | D:5      | Entered Level 5 of the Dungeon
  3592 | D:5      | Noticed an ice beast
  3614 | D:4      | Killed an ice beast
  3614 | D:4      | Reached * piety under Qazlal
  3757 | D:5      | Reached XP level 7. HP: 54/55 MP: 9/9
  3763 | D:5      | Noticed a wyvern
  3791 | D:5      | Noticed Pikel
  3845 | D:4      | Reached skill level 5 in Fighting
  4162 | D:5      | Mangled by Pikel

Illustrated notes

Levels and vault maps discovered:
D:1:      beargit_arrival_diablo_church, layout_basic, minmay_tetromino_s4
D:2:      layout_rooms, nicolae_kite_square_tiling_tiny
D:3:      layout_loops_ring, nicolae_wu_jian_wuxing_cycle,
          nicolae_overflow_crystal_walls, lemuel_flame_loot_1, uniq_ijyb,
          uniq_natasha
D:4:      layout_loops_ring, minmay_temple_entry_large_hall, minmay_statues_item
D:5:      layout_rooms, tso_altar, uniq_pikel
Temple:   compressed_dpeg_circular_temple

Skill      XL: |  1  2  3  4  5  6  7 |
---------------+----------------------+-----
Axes           | 2 3 4 5 |  5.7
Fighting       | 4 5 |  5.1
Invocations    | 1 3 |  3.5
Armour         | |  2.6
Shields        | |  2.6

Action                     |  1- 3 |  4- 6 |  7- 9 || total
---------------------------+-------+-------+-------++-------
  Melee: War axe           |   117 |   163 |    69 ||   349
         Tailslap          |     8 |    15 |    10 ||    33
    Use: Scroll            |       |     5 |       ||     5
         Potion            |       |     3 |       ||     3
 Armour: Scale mail        |    57 |    79 |    43 ||   179
  Dodge: Dodged            |    50 |    68 |    36 ||   154
  Block: Buckler           |    33 |    26 |    40 ||    99
